 Dungeon Crawl Stone Soup version 0.15.0-13-gb296d5c (webtiles) character file.

111 Kashira the Sneak (level 4, -2/37 HPs)
             Began as a Naga Enchanter on Sept 3, 2014.
             Slain by a phantom (8 damage)
             ... on Level 3 of the Dungeon.
             The game lasted 00:13:01 (2229 turns).

Kashira the Sneak (Naga Enchanter)                  Turns: 2229, Time: 00:13:01

HP  -2/37        AC  3     Str 10      XL: 4   Next: 92%
MP   0/8         EV 10     Int 15      God:
Gold 132         SH  0     Dex 13      Spells:  3 memorised,  1 level left

rFire  . . .     SeeInvis +     e - +0 club
rCold  . . .     Clarity  .     b - +1 robe
rNeg   . . .     rCorr    .     (no shield)
rPois  +         rRot     .     (no helmet)
rElec  .         Spirit   .     (no cloak)
SustAb .         Warding  .     (no gloves)
rMut   .         Stasis   .     (no barding)
Gourm  .                        (no amulet)
MR     .....                    (no ring)
                                (no ring)

@: very slightly contaminated, very slow, not resistant to hostile enchantments,
fairly stealthy
A: spit poison, see invisible, deformed body, poison resistance, slowness 2, AC
+1
a: Spit Poison


You were on level 3 of the Dungeon.
You were hungry.

You visited 1 branch of the dungeon, and saw 4 of its levels.

You collected 132 gold pieces.

Inventory:

Hand weapons
 e - a +0 club (weapon)
Armour
 b - a +1 robe (worn)
Magical devices
 p - a wand of digging (24)
Comestibles
 d - 5 bread rations
 n - a meat ration
 t - a slice of pizza
Scrolls
 i - 2 scrolls of magic mapping
 j - 3 scrolls of recharging
 k - a scroll of random uselessness {unknown}
 m - 2 scrolls of remove curse {unknown}
 q - a scroll of amnesia {unknown}
Potions
 h - a potion of resistance {unknown}
 r - a potion of cancellation {unknown}
 s - a potion of curing
Books
 c - a book of Maledictions

   Spells                             Type                      Level
   *Corona                            Hexes                        1
   Sure Blade                         Hexes/Charms                 2
   Ensorcelled Hibernation            Hexes/Ice                    2
   *Confuse                           Hexes                        3
   *Dazzling Spray                    Conjuration/Hexes            3
   Enslavement                        Hexes                        4


   Skills:
 + Level 0.6 Fighting
   Level 1.0 Short Blades
 + Level 0.6 Maces & Flails
 + Level 2.4 Dodging
 - Level 4.4 Stealth
 + Level 2.7 Spellcasting
 + Level 0.2 Conjurations
 + Level 4.1 Hexes


You had one spell level left.
You knew the following spells:

 Your Spells              Type           Power        Failure   Level  Hunger
a - Corona                Hex            ##.....      4%          1    #......
b - Dazzling Spray        Conj/Hex       #.......     30%         3    ###....
c - Confuse               Hex            ##......     14%         3    ###....


Dungeon Overview and Level Annotations

Branches:
Dungeon (4/15)
 Temple: D:4-7

Altars:


Innate Abilities, Weirdness & Mutations

You cannot wear boots.
You can spit poison.
Your serpentine skin is tough (AC +1).
You have supernaturally acute eyesight.
Armour fits poorly on your strangely shaped body.
Your system is resistant to poisons.
You cover ground very slowly.


Message History

Aim: a phantom (severely damaged)
You throw a javelin. The javelin closely misses the phantom.
Casting: Dazzling Spray
Confirm with . or Enter, or press ? or * to list all spells.
Aiming: Dazzling Spray
Press: ? - help, Shift-Dir - straight line, f/p - phantom
Aim: a phantom (severely damaged)
The spray of energy misses the phantom.
Casting: Dazzling Spray
Confirm with . or Enter, or press ? or * to list all spells.
Aiming: Dazzling Spray
Press: ? - help, Shift-Dir - straight line, f/p - phantom
Aim: a phantom (severely damaged)
You miscast Dazzling Spray.
You are very lightly contaminated with residual magic.
Your hair stands on end.
The phantom hits you.
* * * LOW HITPOINT WARNING * * *
The phantom hits you!
You die...

#.............##.#####
#....(........##.# #
#.#.(..(.%.##....# #
#.#........####..## #
#.#...(.)...# #...####
#.#.....((..####.....#
####.#..((........#.....#
#...(...W...>.###........
#.......@.....###........
#........................
######(######(##.........
#..# #.###........ ######)##
#(..........# ##......#
######.....##
##.......############..#####
#>..........................
##.......############..#####


You could see a phantom.

Vanquished Creatures
  6 adders
  A giant mite (D:1)
  An ooze (D:1)
  An orc (D:4)
  6 bats
  6 giant cockroaches
  7 hobgoblins
  A kobold (D:1)
  3 giant geckos (D:1)
  3 giant newts
  8 goblins
  7 rats
50 creatures vanquished.

Notes
Turn   | Place    | Note
--------------------------------------------------------------
     0 | D:1      | Kashira, the Naga Enchanter, began the quest for the Orb.
     0 | D:1      | Reached XP level 1. HP: 15/15 MP: 3/3
   358 | D:1      | Reached XP level 2. HP: 17/22 MP: 1/4
   464 | D:1      | HP: 1/22 [ooze (1)]
   947 | D:1      | Reached XP level 3. HP: 28/28 MP: 6/6
   952 | D:1      | Learned a level 3 spell: Dazzling Spray
  1480 | D:2      | Reached XP level 4. HP: 27/36 MP: 1/8
  1493 | D:2      | Learned a level 3 spell: Confuse
  2064 | D:4      | Noticed a phantom
  2064 | D:4      | Noticed a phantom
  2229 | D:3      | Slain by a phantom

Action                   |  1- 3 |  4- 6 || total
-------------------------+-------+-------++-------
Melee: Dagger            |    11 |       ||    11
       Club              |    42 |    57 ||    99
Throw: Javelin           |       |     9 ||     9
       Tomahawk          |       |     8 ||     8
 Cast: Corona            |    11 |       ||    11
       Dazzling Spray    |     2 |    12 ||    14
 Abil: Spit Poison       |    31 |    20 ||    51
Evoke: Wand              |       |     1 ||     1
  Use: Scroll            |       |     5 ||     5
       Potion            |       |     2 ||     2
  Eat: Chunk             |     2 |     7 ||     9
